[Event "Titled Tuesday Blitz March 07 Late 2023"]
[White "Zhigalko, Sergei"]
[Black "Hernandez Gonzalez, William"]
[WhiteFideId "13502956"]
[BlackFideId "3509915"]
[WhiteElo "2626"]
[BlackElo "2374"]
[Result "1-0"]
[Round "03"]
[TimeControl "180+2"]
[Date "2023.03.07"]
[WhiteClock "0:00:11"]
[BlackClock "0:00:01"]

1. e4 c5 2. Nf3 Nc6 3. c3 Nf6 4. e5 Nd5 5. Bc4 Nb6 6. Bb3 d5 7. exd6 e6 8. d4 cxd4 9. cxd4 Bxd6 10. Nc3 O-O 11. O-O Ne7 12. Bg5 Bd7 13. Ne5 f6 14. Nxd7 Qxd7 15. Bh4 Nbd5 16. Re1 Rae8 17. Rc1 Bb8 18. Bg3 Bxg3 19. hxg3 Nc6 20. Ne4 b6 21. Ba4 Rc8 22. Re2 a6 23. a3 Nde7 24. Rd2 Rfd8 25. Qf1 b5 26. Nc5 Qa7 27. Bb3 Nxd4 28. Rxd4 Rxd4 29. Bxe6+ Kh8 30. Bxc8 Nxc8 31. Ne6 Rc4 32. Rxc4 bxc4 33. Qxc4 Ne7 34. Qc7 Qxc7 35. Nxc7 a5 36. Kf1 Kg8 37. Ke2 Nc6 38. Kd3 Kf7 39. Kc4 Ke7 40. Kb5 Kd7 41. Nd5 Ne5 42. Kxa5 Nc4+ 43. Kb5 Nxb2 44. a4 Nd3 45. a5 Kd6 46. a6 Kxd5 47. a7 1-0


[Site "https://www.chess.com"]

[Event "Titled Tuesday Blitz March 07 Late 2023"]
[White "Ozer, Omer Faruk"]
[Black "Remizov, Yaroslav"]
[WhiteFideId "6354564"]
[BlackFideId "34134015"]
[WhiteElo "2260"]
[BlackElo "2408"]
[Result "1-0"]
[Round "03"]
[TimeControl "180+2"]
[Date "2023.03.07"]
[WhiteClock "0:00:12"]
[BlackClock "0:00:12"]

1. d4 Nf6 2. Nf3 e6 3. g3 b6 4. Bg2 Bb7 5. O-O Be7 6. b3 O-O 7. Bb2 d6 8. c4 Nbd7 9. Nc3 Ne4 10. Qc2 f5 11. Ne1 Ndf6 12. Nd3 Rb8 13. Nf4 Qd7 14. d5 Nxc3 15. Qxc3 e5 16. Ne6 Rf7 17. f4 e4 18. Bh3 g6 19. Ng5 Rff8 20. Nxe4 Qe8 21. Ng5 c6 22. e4 h6 23. Ne6 Rf7 24. exf5 gxf5 25. Bxf5 cxd5 26. Rae1 dxc4 27. Bg6 Qc6 28. Bxf7+ Kxf7 29. Re2 Qh1+ 30. Kf2 Ne4+ 31. Rxe4 Qxe4 32. Qg7+ Kxe6 33. Re1 Qxe1+ 34. Kxe1 cxb3 35. f5+ Kd7 36. f6 Re8 37. Kd2 bxa2 38. Qg4+ Kc7 39. Qc4+ Bc6 40. fxe7 Rxe7 41. Qxa2 Bb5 42. Qxa7+ Kd8 43. Qxb6+ Kd7 44. Qxb5+ Ke6 45. Qe2+ Kd7 46. Qg4+ Kc6 47. Qc4+ Kd7 48. Ba3 Re5 49. Qd4 Re6 50. g4 Ke7 51. h4 Kd8 52. g5 hxg5 53. hxg5 Ke7 54. Qg7+ Ke8 55. g6 Rxg6 56. Qxg6+ Kf8 57. Bxd6# 1-0


[Site "https://www.chess.com"]

[Event "Titled Tuesday Blitz March 07 Late 2023"]
[White "Corrales Jimenez, Fidel"]
[Black "Saveliev, Alexei"]
[WhiteFideId "3506690"]
[BlackFideId "24128546"]
[WhiteElo "2541"]
[BlackElo "2271"]
[Result "0-1"]
[Round "03"]
[TimeControl "180+2"]
[Date "2023.03.07"]
[WhiteClock "0:00:02"]
[BlackClock "0:00:09"]

1. d4 g6 2. c4 Bg7 3. Nc3 d6 4. e4 Nc6 5. Nge2 e5 6. d5 Nce7 7. f3 f5 8. Be3 Nf6 9. h3 O-O 10. Qd2 c6 11. g4 cxd5 12. cxd5 b5 13. gxf5 gxf5 14. Rg1 b4 15. Nb5 fxe4 16. fxe4 a6 17. Rxg7+ Kxg7 18. Bh6+ Kf7 19. Bxf8 Kxf8 20. Qh6+ Kf7 21. Nxd6+ Qxd6 22. Ng3 Ng6 23. Be2 Qc5 24. Rc1 Qg1+ 25. Nf1 Bd7 26. Rc7 Rc8 27. Rxd7+ Nxd7 28. Qxh7+ Ke8 29. Bg4 Ngf8 30. d6 Rc1+ 31. Kd2 Qf2+ 32. Kxc1 Qxf1+ 33. Kc2 Qc4+ 34. Kb1 Qd3+ 35. Kc1 Qxd6 36. Qh4 Nf6 37. Bf5 a5 38. Qg3 a4 39. b3 Qc5+ 40. Kd1 Qd4+ 41. Ke2 Nxe4 42. Bg6+ Nxg6 43. Qxg6+ Ke7 44. Qg7+ Ke6 45. Qg8+ Kf5 46. Qh7+ Ke6 47. Qg8+ Kd7 48. Qf7+ Kc6 49. Qe8+ Qd7 50. Qa8+ Qb7 51. Qe8+ Kd5 52. Qg8+ Kd6 53. Qf8+ Qe7 54. Qb8+ Ke6 55. Qg8+ Qf7 56. Qc8+ Kf6 0-1


[Site "https://www.chess.com"]

[Event "Titled Tuesday Blitz March 07 Late 2023"]
[White "Yuan, Qingyu"]
[Black "Petukhov, Dmitry"]
[WhiteFideId "8609772"]
[BlackFideId "4142748"]
[WhiteElo "2359"]
[BlackElo "2311"]
[Result "1-0"]
[Round "03"]
[TimeControl "180+2"]
[Date "2023.03.07"]
[WhiteClock "0:00:11"]
[BlackClock "0:00:45"]

1. e4 c5 2. Nf3 d6 3. Bb5+ Nc6 4. O-O Bd7 5. Re1 a6 6. Bf1 e5 7. c3 Bg4 8. h3 Bh5 9. g4 Bg6 10. d4 Qc7 11. d5 Nb8 12. Nh4 Be7 13. Nxg6 hxg6 14. a4 f5 15. exf5 gxf5 16. f4 Nd7 17. g5 e4 18. Nd2 Bd8 19. Nc4 Ne7 20. Be3 Nb6 21. Nxb6 Qxb6 22. b4 Bc7 23. a5 Qa7 24. bxc5 dxc5 25. d6 O-O-O 26. Qb3 Rxd6 27. Qc4 Rd5 28. Red1 Rhd8 29. Be2 Rxd1+ 30. Rxd1 Rxd1+ 31. Bxd1 Bxa5 32. Bxc5 b6 33. Bxb6+ 1-0


[Site "https://www.chess.com"]

[Event "Titled Tuesday Blitz March 07 Late 2023"]
[White "Krzyzanowski, Marcin"]
[Black "Czernek, Tymon"]
[WhiteFideId "1132199"]
[BlackFideId "1199510"]
[WhiteElo "2471"]
[BlackElo "2156"]
[Result "0-1"]
[Round "03"]
[TimeControl "180+2"]
[Date "2023.03.07"]
[WhiteClock "0:00:02"]
[BlackClock "0:00:15"]

1. e4 c5 2. Nf3 d6 3. d4 cxd4 4. Nxd4 Nf6 5. Nc3 a6 6. f4 e5 7. Nf3 Qc7 8. a4 Be7 9. Bd3 O-O 10. O-O Nbd7 11. fxe5 dxe5 12. Nh4 Nc5 13. Bg5 Rd8 14. Bxf6 Bxf6 15. Rxf6 Nxd3 16. cxd3 gxf6 17. Nd5 Qc5+ 18. Kh1 Qf2 19. Ne7+ Kf8 20. Nef5 Bxf5 21. Nxf5 Rac8 22. Qg4 Rc2 23. Qg7+ Ke8 24. Rg1 Rxd3 25. Qg8+ Kd7 26. Qxf7+ Kc8 27. Ne7+ Kd8 28. Qf8+ Kd7 29. h3 Rxh3+ 30. gxh3 Qh2# 0-1


[Site "https://www.chess.com"]

[Event "Titled Tuesday Blitz March 07 Late 2023"]
[White "Ismagilov, Damir"]
[Black "Baskakov, Egor"]
[WhiteFideId "34199982"]
[BlackFideId "24197866"]
[WhiteElo "2078"]
[BlackElo "2212"]
[Result "1-0"]
[Round "03"]
[TimeControl "180+2"]
[Date "2023.03.07"]
[WhiteClock "0:00:22"]
[BlackClock "0:01:25"]

1. d4 Nf6 2. c4 e6 3. Nc3 d5 4. cxd5 Nxd5 5. e4 Nxc3 6. bxc3 b6 7. Nf3 Bb7 8. Bd3 Be7 9. O-O Nd7 10. Qe2 O-O 11. e5 Re8 12. Be4 Qc8 13. h4 c5 14. Bg5 h6 15. Bxe7 Rxe7 16. Nd2 Nf8 17. Nc4 Bxe4 18. Qxe4 Rb8 19. Nd6 Qd7 20. f4 cxd4 21. cxd4 g6 22. h5 Qa4 23. Rfc1 Rd8 24. Rc3 Red7 25. Rh3 Kg7 26. hxg6 fxg6 27. f5 exf5 28. Qh4 h5 29. Nxf5+ gxf5 30. Qf6+ Kg8 31. Rg3+ Kh7 32. Qxf5+ Kh6 33. Qg5+ Kh7 34. Qxh5# 1-0


[Site "https://www.chess.com"]

[Event "Titled Tuesday Blitz March 07 Late 2023"]
[White "Krallis, Christos"]
[Black "Burg, Twan"]
[WhiteFideId "4298896"]
[BlackFideId "1010697"]
[WhiteElo "2243"]
[BlackElo "2422"]
[Result "0-1"]
[Round "03"]
[TimeControl "180+2"]
[Date "2023.03.07"]
[WhiteClock "0:00:01"]
[BlackClock "0:00:42"]

1. Nf3 d5 2. d4 Nf6 3. c4 e6 4. Nc3 Be7 5. Bf4 O-O 6. e3 Nbd7 7. Be2 dxc4 8. O-O a6 9. a4 c5 10. dxc5 Nxc5 11. Bxc4 Bd7 12. Ne5 Rc8 13. Nxd7 Ncxd7 14. Be2 Qb6 15. Qb1 Rfd8 16. a5 Qb4 17. Ra4 Qc5 18. Rc4 Qxa5 19. Rd1 Rxc4 20. Bxc4 Rc8 21. Qa2 Qxa2 22. Bxa2 Kf8 23. Kf1 Nb6 24. Rd3 Nfd7 25. Ne4 Rc1+ 26. Ke2 Rc2+ 27. Rd2 Rxd2+ 28. Kxd2 Nc5 29. Nc3 Ke8 30. Be5 g6 31. Bd4 Ncd7 32. Bxb6 Nxb6 33. g3 Kd7 34. h4 h5 35. Kd3 Bf6 36. Nd1 Kd6 37. f4 Na4 38. Kc2 Nc5 39. Nf2 b5 40. e4 Bd4 41. e5+ Kd7 42. Nd1 Bg1 43. Nc3 Kc6 44. Ne2 Bf2 45. f5 gxf5 46. Nf4 Bxg3 47. Nxh5 Bxh4 48. Nf4 Bg3 49. Nh3 Bxe5 50. Ng5 Na4 51. Nxf7 Bxb2 52. Nd8+ Kd6 53. Nxe6 Bf6 54. Nf4 Nc5 55. Bg8 a5 56. Bh7 Ke5 57. Ng6+ Ke4 58. Nf8 a4 59. Bg6 b4 60. Nh7 b3+ 61. Kb1 Bc3 62. Ng5+ Kf4 63. Nh3+ Ke5 64. Nf2 a3 65. Nd3+ Kd4 0-1


[Site "https://www.chess.com"]

[Event "Titled Tuesday Blitz March 07 Late 2023"]
[White "Pakleza, Zbigniew"]
[Black "Taboas Rodriguez, Daniel"]
[WhiteFideId "1119290"]
[BlackFideId "2208466"]
[WhiteElo "2410"]
[BlackElo "2365"]
[Result "1-0"]
[Round "03"]
[TimeControl "180+2"]
[Date "2023.03.07"]
[WhiteClock "0:00:15"]
[BlackClock "0:00:02"]

1. d4 Nf6 2. Nf3 g6 3. Bf4 Bg7 4. e3 O-O 5. Be2 c5 6. c3 b6 7. h3 Bb7 8. O-O d6 9. Nbd2 Ne4 10. a4 Nxd2 11. Nxd2 Nc6 12. Bg3 Qc7 13. Nc4 Rad8 14. a5 b5 15. Na3 b4 16. Nc4 bxc3 17. bxc3 cxd4 18. cxd4 Nb4 19. Qb3 Nd5 20. Rfc1 Qd7 21. Bg4 e6 22. Bxd6 Rfe8 23. Bc5 Ba8 24. Nd6 Rf8 25. Qb5 Bc6 26. Qa6 Ra8 27. Ba3 Ba4 28. Bf3 Rfb8 29. Ne4 Bb5 30. Qd6 Qe8 31. Qg3 Ba6 32. Nc5 Bc8 33. e4 Nf6 34. Qf4 h6 35. Qe3 Rb5 36. a6 Rab8 37. Be2 1-0


[Site "https://www.chess.com"]

[Event "Titled Tuesday Blitz March 07 Late 2023"]
[White "Holt, Conrad"]
[Black "Derige Kane, Yan"]
[WhiteFideId "2034387"]
[BlackFideId "20665431"]
[WhiteElo "2592"]
[BlackElo "2149"]
[Result "1/2-1/2"]
[Round "03"]
[TimeControl "180+2"]
[Date "2023.03.07"]
[WhiteClock "0:00:45"]
[BlackClock "0:01:44"]

1. d4 d5 2. c4 c6 3. Nc3 Nf6 4. e3 e6 5. Bd3 Nbd7 6. e4 dxe4 7. Nxe4 Nxe4 8. Bxe4 Nf6 9. Bc2 Bd6 10. Nf3 O-O 11. O-O h6 12. Qe2 b6 13. Rd1 Ba6 14. Ne5 Qc7 15. Rd3 c5 16. Bxh6 cxd4 17. Rg3 Bxe5 18. Rxg7+ Kh8 19. Qd3 Qxc4 20. Rh7+ Kg8 21. Rg7+ Kh8 22. Rh7+ Kg8 23. Rg7+ Kh8 1/2-1/2


[Site "https://www.chess.com"]

[Event "Titled Tuesday Blitz March 07 Late 2023"]
[White "Melkumyan, Hrant"]
[Black "Pinheiro, Iung Alicio de O."]
[WhiteFideId "13302485"]
[BlackFideId "2104350"]
[WhiteElo "2604"]
[BlackElo "2283"]
[Result "1/2-1/2"]
[Round "03"]
[TimeControl "180+2"]
[Date "2023.03.07"]
[WhiteClock "0:00:06"]
[BlackClock "0:00:06"]

1. d4 d5 2. c4 e6 3. Nc3 h6 4. Bf4 Nf6 5. e3 Bd6 6. Nh3 a6 7. Rc1 O-O 8. Be2 dxc4 9. Bxc4 b5 10. Be2 Bb7 11. O-O Nbd7 12. Bxd6 cxd6 13. Nf4 Rc8 14. Bf3 Qb6 15. h3 Rfd8 16. Nd3 e5 17. Bxb7 Qxb7 18. Qb3 exd4 19. exd4 Nb6 20. a4 bxa4 21. Nxa4 Rb8 22. Nxb6 Qxb6 23. Qxb6 Rxb6 24. Rc3 Ne4 25. Ra3 Rdb8 26. Re1 Nd2 27. b4 Nc4 28. Ra2 Kf8 29. g4 Re8 30. Rea1 Re4 31. Rc1 Rxd4 32. Rc3 Ne5 33. Rc8+ Ke7 34. Nxe5 dxe5 35. Ra5 f6 36. Rc7+ Rd7 37. Rc4 Rdb7 38. Rc8 Rxb4 39. Rxa6 Kf7 40. Raa8 Kg6 41. Kg2 Rf4 42. Ra2 Rb3 43. Rc7 Rbf3 44. Re2 Kh7 45. Re7 Kg6 46. Rd7 Rc3 47. Ra2 Rcf3 48. Rb2 Kh7 49. Rc2 Kg6 50. Rdc7 e4 51. Re7 Kh7 52. Re2 Kg6 53. Rd2 Kh7 54. Re6 Kg6 55. Red6 Kh7 56. Re6 Kg6 57. Re8 Kh7 58. Re2 Kg6 59. Ra8 Kh7 60. Ra5 Kg6 61. Rd5 Kh7 62. Rd4 Kg6 63. Rc4 Kh7 64. Rcxe4 Rxe4 65. Rxe4 Ra3 66. h4 Ra5 67. h5 Kg8 68. Kg3 Kf7 69. Rf4 Ra7 70. Rb4 Re7 71. Kf4 Ra7 72. Rb5 Re7 73. Kf5 Ra7 74. f4 Re7 75. Rc5 Ra7 76. Ke4 Re7+ 77. Kd5 Ra7 78. Kd6 Ra1 79. Rc7+ Kg8 80. Ke6 Ra5 81. Rd7 Kh7 82. Rd5 Ra6+ 83. Ke7 Ra7+ 84. Rd7 Ra8 85. Kf7 Rb8 86. Re7 Ra8 87. Rc7 Rb8 88. Ra7 Rc8 89. Rd7 Rb8 90. Ke6 Ra8 91. Rd5 Ra6+ 92. Kf5 Ra7 93. Rc5 Rd7 94. Ke6 Ra7 95. Rd5 Ra6+ 1/2-1/2


[Site "https://www.chess.com"]

[Event "Titled Tuesday Blitz March 07 Late 2023"]
[White "Berezin, Viktor"]
[Black "Kosakowski, Jakub"]
[WhiteFideId "14107872"]
[BlackFideId "1185080"]
[WhiteElo "2310"]
[BlackElo "2488"]
[Result "0-1"]
[Round "03"]
[TimeControl "180+2"]
[Date "2023.03.07"]
[WhiteClock "0:00:16"]
[BlackClock "0:01:33"]

1. d4 Nf6 2. c4 g6 3. Nf3 Bg7 4. g3 d5 5. Bg2 dxc4 6. O-O O-O 7. Na3 c3 8. bxc3 c5 9. e3 Nc6 10. Bb2 Bf5 11. Nc4 Rc8 12. Rc1 Be4 13. Re1 cxd4 14. cxd4 Nb4 15. Nfe5 Bxg2 16. Kxg2 b5 17. Nd2 Qd5+ 18. e4 Qxa2 19. Bc3 a5 20. d5 Rxc3 21. Rxc3 Ng4 22. Qxg4 Qxd2 23. Rec1 Bxe5 24. Rc8 Nd3 25. Rxf8+ Kxf8 26. Rc8+ Kg7 27. Qf3 Ne1+ 0-1


[Site "https://www.chess.com"]

[Event "Titled Tuesday Blitz March 07 Late 2023"]
[White "Mostbauer, Maximilian"]
[Black "Hamidi, Amir Mohammad"]
[WhiteFideId "1626680"]
[BlackFideId "12563285"]
[WhiteElo "2179"]
[BlackElo "2228"]
[Result "1/2-1/2"]
[Round "03"]
[TimeControl "180+2"]
[Date "2023.03.07"]
[WhiteClock "0:00:06"]
[BlackClock "0:00:35"]

1. d4 Nf6 2. Nf3 g6 3. g3 Bg7 4. Bg2 O-O 5. O-O d6 6. b3 e5 7. dxe5 dxe5 8. Bb2 e4 9. Ng5 e3 10. fxe3 Qe7 11. Qc1 h6 12. Nf3 Re8 13. Nc3 c6 14. e4 Nbd7 15. h3 Nxe4 16. Nxe4 Qxe4 17. Ne5 Qxe2 18. Nxf7 Qe3+ 19. Qxe3 Rxe3 20. Bxg7 Kxg7 21. Nd6 Nf6 22. Rae1 Rxe1 23. Rxe1 Kf8 24. g4 Rb8 25. c4 Bd7 26. c5 b6 27. Rc1 bxc5 28. Rxc5 Ke7 29. Nc4 Rb5 30. Rxb5 cxb5 31. Ne5 Be8 32. Kf2 Kd6 33. Nd3 a5 34. Ke3 b4 35. Kd4 Bb5 36. Ne5 h5 37. g5 Nh7 38. h4 Nf8 39. Be4 Ne6+ 40. Ke3 Kxe5 41. Bxg6 Nf4 42. Bf7 Ng2+ 43. Kf2 Nxh4 44. Bxh5 Bd3 45. Ke3 Bb1 46. Bd1 Bg6 47. Be2 Nf5+ 48. Kd3 Nd4+ 49. Kc4 Be8 50. Kc5 Nxe2 51. Kb6 Nc3 52. Kxa5 Nxa2 53. Kb6 Kf5 54. Kc5 Kxg5 55. Kd4 Bg6 56. Ke3 Nc1 57. Kd4 Na2 58. Ke3 Bf7 59. Kd2 Bxb3 60. Kd3 Bf7 61. Kc2 Kf4 62. Kb2 Nc3 63. Kc2 Ke3 64. Kb2 Kd2 65. Ka1 Na4 66. Kb1 b3 67. Ka1 Bg6 1/2-1/2


[Site "https://www.chess.com"]

[Event "Titled Tuesday Blitz March 07 Late 2023"]
[White "Real_OceanStorm"]
[Black "Rangel, Daniel"]
[BlackFideId "2124475"]
[WhiteElo "2787"]
[BlackElo "2256"]
[Result "1-0"]
[Round "03"]
[TimeControl "180+2"]
[Date "2023.03.07"]
[WhiteClock "0:00:02"]
[BlackClock "0:00:05"]

1. e4 c5 2. c3 g6 3. d4 cxd4 4. cxd4 d5 5. e5 Bg7 6. Nf3 Bg4 7. h3 Bxf3 8. Qxf3 e6 9. Bb5+ Nc6 10. Nc3 Ne7 11. Bg5 O-O 12. Bxc6 bxc6 13. Qe3 Nf5 14. Bxd8 Nxe3 15. Be7 Nc2+ 16. Kd2 Nxa1 17. Bxf8 Bxf8 18. Rxa1 c5 19. Ne2 cxd4 20. Kd3 Rc8 21. f4 h5 22. a3 Rc4 23. g3 Be7 24. b3 Rc7 25. b4 Bd8 26. Nxd4 Rc4 27. Nb3 Bb6 28. Rf1 Kg7 29. Nd2 Rc7 30. g4 hxg4 31. hxg4 Rc8 32. a4 Rh8 33. Nf3 Rh3 34. a5 Bc7 35. Kd4 Bd8 36. g5 Kf8 37. Kc5 Ke8 38. Kc6 Rh7 39. Nd4 Rh3 40. Kb7 Rd3 41. Nc6 Rb3 42. Kxa7 Be7 43. b5 Rxb5 44. Nxe7 Kxe7 45. a6 Kd7 46. Ka8 Rb4 47. Rc1 d4 48. Rd1 Kc6 49. Rc1+ Kd5 50. Rc7 d3 51. Rxf7 Ke4 52. Rd7 Ke3 53. f5 d2 54. fxe6 Re4 55. a7 Rxe5 56. Kb7 Rb5+ 57. Kc8 Ra5 58. e7 Rxa7 59. e8=Q+ Kf2 60. Rxd2+ Kg3 61. Qe3+ Kh4 62. Qf4+ Kh3 63. Rh2# 1-0


[Site "https://www.chess.com"]

[Event "Titled Tuesday Blitz March 07 Late 2023"]
[White "Gerbelli Neto, Eduardo"]
[Black "Harsh Suresh"]
[WhiteFideId "2103281"]
[BlackFideId "45018464"]
[WhiteElo "2178"]
[BlackElo "2227"]
[Result "1-0"]
[Round "03"]
[TimeControl "180+2"]
[Date "2023.03.07"]
[WhiteClock "0:00:28"]
[BlackClock "0:00:19"]

1. e4 c5 2. Nc3 Nc6 3. f4 g6 4. Nf3 Bg7 5. Bc4 d6 6. O-O e6 7. d3 Nge7 8. Qe1 O-O 9. Bb3 Nd4 10. Nxd4 cxd4 11. Ne2 f5 12. Ng3 Kh8 13. Bd2 a5 14. a4 Nc6 15. Bc4 Bd7 16. Bb5 b6 17. c3 Rc8 18. Ne2 e5 19. exf5 Bxf5 20. cxd4 Nxd4 21. Nxd4 exd4 22. Rc1 Rc5 23. b4 axb4 24. Bxb4 Rxb5 25. axb5 Bxd3 26. Qe6 Bxf1 27. Rxf1 Qf6 28. Qd5 Re8 29. Qxd6 Qxd6 30. Bxd6 Rd8 31. Bc7 Rd7 32. Bxb6 Rb7 33. Rc1 Kg8 34. Rc8+ Bf8 35. Bc5 Rxb5 36. Rxf8+ Kg7 37. Rc8 d3 38. Be3 Rb2 39. Rd8 Rb1+ 40. Kf2 Rb3 41. Kf3 h5 42. Ke4 Kf7 43. Rxd3 Rb2 44. Kf3 Kf6 45. Bd4+ Kf5 46. Bxb2 g5 47. Rd5+ Ke6 48. Rxg5 h4 49. Rh5 h3 50. Rxh3 Kd5 51. Rh5+ Kc4 52. g4 Kd3 53. Re5 Kc2 54. h4 Kb3 55. h5 Kxb2 56. g5 Kc3 57. h6 Kd3 58. g6 Kd4 59. h7 Kc4 60. g7 Kd4 61. h8=Q Kd3 62. g8=Q Kc3 63. Qd5 Kc2 64. Qc8+ Kb2 65. Qdb7+ 1-0


[Site "https://www.chess.com"]

[Event "Titled Tuesday Blitz March 07 Late 2023"]
[White "Andreikin, Dmitry"]
[Black "Gascon Del Nogal, Jose Rafael"]
[WhiteFideId "4158814"]
[BlackFideId "3902463"]
[WhiteElo "2736"]
[BlackElo "2473"]
[Result "1-0"]
[Round "03"]
[TimeControl "180+2"]
[Date "2023.03.07"]
[WhiteClock "0:00:43"]
[BlackClock "0:00:01"]

1. d4 d5 2. c4 e6 3. Nf3 h6 4. Bf4 Nf6 5. e3 Bd6 6. Be5 O-O 7. Nc3 c6 8. Bd3 dxc4 9. Bxc4 b5 10. Bd3 a6 11. O-O Be7 12. Rc1 c5 13. dxc5 Bxc5 14. Bxf6 gxf6 15. Be4 Ra7 16. Nxb5 axb5 17. Rxc5 Nd7 18. Rc1 Rxa2 19. Qd6 Ne5 20. Qb4 Ra4 21. Qxb5 Rxe4 22. Rfd1 Qe8 23. Qe2 Bb7 24. Nd4 Rg4 25. f3 Rg6 26. e4 Kh7 27. Rc7 Qb8 28. Nxe6 Rfg8 29. g3 Kh8 30. Qb5 fxe6 31. Rxb7 Rxg3+ 32. hxg3 Nxf3+ 33. Kf1 Qxg3 34. Ke2 Ne5 35. Qb6 Qf3+ 36. Kd2 Qf4+ 37. Kc2 Qxe4+ 38. Kb3 1-0


[Site "https://www.chess.com"]

[Event "Titled Tuesday Blitz March 07 Late 2023"]
[White "Licznerski, Lukasz"]
[Black "Shapiro, David"]
[WhiteFideId "1179250"]
[BlackFideId "24133523"]
[WhiteElo "2450"]
[BlackElo "2300"]
[Result "1/2-1/2"]
[Round "03"]
[TimeControl "180+2"]
[Date "2023.03.07"]
[WhiteClock "0:00:02"]
[BlackClock "0:00:23"]

1. e4 e5 2. Nf3 Nf6 3. d4 Nxe4 4. Bd3 Nc6 5. d5 Nc5 6. dxc6 e4 7. O-O exd3 8. b4 dxc2 9. Qxc2 Ne6 10. b5 dxc6 11. bxc6 Be7 12. Rd1 Bd6 13. Ba3 O-O 14. Nc3 bxc6 15. Ne4 c5 16. Nxc5 Nxc5 17. Bxc5 Bb7 18. Qb3 Bxf3 19. Qxf3 Qe7 20. Bxd6 cxd6 21. Rd5 Rfd8 22. Rad1 Rab8 23. g3 Rb6 24. Qa3 g6 25. Ra5 Rd7 26. Qc3 Rc7 27. Qd4 Rbc6 28. Rd5 Rc4 29. Qa1 R7c6 30. Re1 Re4 31. Rb1 Rc8 32. Rbd1 Re6 33. Qd4 Re1+ 34. Rxe1 Qxe1+ 35. Kg2 Rc1 36. Rxd6 Qf1+ 37. Kf3 Qh1+ 38. Kf4 Rc8 39. Rd8+ Rxd8 40. Qxd8+ Kg7 41. Qd4+ Kg8 42. Qxa7 Qxh2 43. a4 h5 44. Qd4 h4 45. Qd8+ Kg7 46. Qd4+ Kg8 47. Qd8+ Kg7 48. Qd4+ Kg8 1/2-1/2


[Site "https://www.chess.com"]

[Event "Titled Tuesday Blitz March 07 Late 2023"]
[White "Oro, Faustino"]
[Black "Kramnik, Vladimir"]
[WhiteFideId "20000197"]
[BlackFideId "4101588"]
[WhiteElo "1984"]
[BlackElo "2712"]
[Result "0-1"]
[Round "03"]
[TimeControl "180+2"]
[Date "2023.03.07"]
[WhiteClock "0:00:33"]
[BlackClock "0:01:55"]

1. e4 c5 2. Nf3 e6 3. d4 cxd4 4. Nxd4 a6 5. c4 Nf6 6. Nc3 Qc7 7. a3 b6 8. Be3 Bb7 9. f3 Be7 10. Be2 d6 11. Rc1 O-O 12. O-O Nbd7 13. b4 Rfc8 14. Qd2 Qd8 15. Rfd1 Rab8 16. Bf2 Ne5 17. Na4 Ba8 18. Nb3 b5 19. cxb5 Rxc1 20. Rxc1 axb5 21. Nc3 Nc4 22. Qa2 d5 23. exd5 Nxd5 24. Nxb5 Ne5 25. Na5 Bg5 26. Rd1 Qf6 27. Qb3 Nf4 28. Bf1 Nh3+ 29. gxh3 Nxf3+ 0-1


[Site "https://www.chess.com"]

[Event "Titled Tuesday Blitz March 07 Late 2023"]
[White "Oganian, Miran"]
[Black "Karttunen, Mika"]
[WhiteFideId "4122488"]
[BlackFideId "502081"]
[WhiteElo "2323"]
[BlackElo "2396"]
[Result "1-0"]
[Round "03"]
[TimeControl "180+2"]
[Date "2023.03.07"]
[WhiteClock "0:01:53"]
[BlackClock "0:00:05"]

1. e4 c5 2. Nf3 d6 3. Bb5+ Bd7 4. Bxd7+ Qxd7 5. O-O Nc6 6. c3 Nf6 7. d4 cxd4 8. cxd4 d5 9. e5 Ne4 10. Ne1 h6 11. f3 Ng5 12. Nc3 Ne6 13. Be3 Nc7 14. f4 e6 15. Nf3 g6 16. Kh1 h5 17. Ng5 b5 18. Rc1 Rc8 19. Qd3 a6 20. a4 Nb4 21. Qe2 bxa4 22. Ra1 Qc6 23. Rxa4 Qc4 24. Qf3 Qb3 25. Raa1 Nd3 26. Na4 Nb4 27. Ra3 Qc4 28. Nb6 Qb5 29. Nxc8 1-0


[Site "https://www.chess.com"]

[Event "Titled Tuesday Blitz March 07 Late 2023"]
[White "Ozates, Tuna"]
[Black "Golubka, Petro"]
[WhiteFideId "6354521"]
[BlackFideId "14114224"]
[WhiteElo "2151"]
[BlackElo "2391"]
[Result "0-1"]
[Round "03"]
[TimeControl "180+2"]
[Date "2023.03.07"]
[WhiteClock "0:00:05"]
[BlackClock "0:01:19"]

1. e4 c5 2. Nf3 Nc6 3. Bb5 Na5 4. O-O a6 5. Be2 e6 6. c3 Nf6 7. e5 Nd5 8. d4 cxd4 9. cxd4 b6 10. Nbd2 Bb7 11. Ne4 h6 12. a3 Rc8 13. Bd3 Be7 14. Re1 d6 15. Qe2 b5 16. Bd2 Nc4 17. Bc3 Nf4 18. Qd1 dxe5 19. Bxc4 exd4 20. Bxd4 Rxc4 21. Bxg7 Qxd1 22. Raxd1 Rg8 23. Nf6+ Bxf6 24. Bxf6 Rc8 25. Nh4 Bxg2 26. Nxg2 Nxg2 0-1


[Site "https://www.chess.com"]

[Event "Titled Tuesday Blitz March 07 Late 2023"]
[White "Urbina Perez, Juan Antonio"]
[Black "Iskusnyh, Sergei"]
[WhiteFideId "2217368"]
[BlackFideId "4120027"]
[WhiteElo "2197"]
[BlackElo "2492"]
[Result "1-0"]
[Round "03"]
[TimeControl "180+2"]
[Date "2023.03.07"]
[WhiteClock "0:01:04"]
[BlackClock "0:00:05"]

1. c4 e5 2. d3 Bb4+ 3. Bd2 Bxd2+ 4. Nxd2 Nf6 5. Ngf3 d6 6. g3 c5 7. Bg2 O-O 8. O-O Nc6 9. a3 Bf5 10. Nh4 Be6 11. Rb1 Qd7 12. b4 Rab8 13. Nhf3 Bh3 14. e4 Bg4 15. Qc2 Rfc8 16. b5 Nd8 17. a4 Ne6 18. a5 h6 19. h3 Bxf3 20. Nxf3 Nh7 21. h4 Nd4 22. Nxd4 cxd4 23. Kh2 g5 24. Bh3 g4 25. Bg2 Nf6 26. Qd2 Kg7 27. f4 gxf3 28. Rxf3 Ng4+ 29. Kg1 Ne3 30. Kh2 Rf8 31. Bh3 Qe7 32. Bf5 Rg8 33. Rg1 Kf8 34. Rxe3 dxe3 35. Qxe3 Qf6 36. Qxa7 Kg7 37. Qe3 Ra8 38. Kh3 Rxa5 39. g4 Ra3 40. g5 hxg5 41. Rxg5+ Kf8 42. Qg3 Rxg5 43. hxg5 Qh8+ 44. Kg4 Qh1 45. g6 Qd1+ 46. Kg5 Rxd3 47. Qh4 fxg6 48. Kf6 1-0


[Site "https://www.chess.com"]

[Event "Titled Tuesday Blitz March 07 Late 2023"]
[White "Larino Nieto, David"]
[Black "Melikhov, Evgeny V."]
[WhiteFideId "2256444"]
[BlackFideId "4122046"]
[WhiteElo "2506"]
[BlackElo "2158"]
[Result "0-1"]
[Round "03"]
[TimeControl "180+2"]
[Date "2023.03.07"]
[WhiteClock "0:00:03"]
[BlackClock "0:00:36"]

1. e4 e5 2. Nf3 Nc6 3. Nc3 Nf6 4. g3 d5 5. exd5 Nxd5 6. Bg2 Nf6 7. O-O Bc5 8. Re1 O-O 9. d3 Re8 10. Bg5 h6 11. Bxf6 Qxf6 12. Ne4 Qe7 13. Nxc5 Qxc5 14. d4 Qb6 15. d5 Bg4 16. dxc6 e4 17. cxb7 Qxb7 18. Qe2 Bxf3 19. Bxf3 exf3 20. Qxe8+ Rxe8 21. Rxe8+ Kh7 22. b3 g5 23. Rae1 g4 24. h4 h5 25. R8e5 Kh6 26. Rf5 Qb4 27. Ree5 Qc3 28. Rxh5+ Kg7 29. Rhg5+ Kf8 30. h5 Qa1+ 31. Kh2 Qf1 0-1


[Site "https://www.chess.com"]

[Event "Titled Tuesday Blitz March 07 Late 2023"]
[White "Naroditsky, Daniel"]
[Black "Molenda, Marcin"]
[WhiteFideId "2026961"]
[BlackFideId "1173065"]
[WhiteElo "2633"]
[BlackElo "2286"]
[Result "1-0"]
[Round "03"]
[TimeControl "180+2"]
[Date "2023.03.07"]
[WhiteClock "0:01:12"]
[BlackClock "0:00:01"]

1. e4 c5 2. c3 d5 3. exd5 Qxd5 4. d4 Nc6 5. Nf3 Bf5 6. Be3 cxd4 7. cxd4 Bxb1 8. Rxb1 Nf6 9. Qa4 a6 10. Bc4 Qf5 11. Rc1 e6 12. Ne5 Bb4+ 13. Ke2 Bd6 14. Nxc6 bxc6 15. Qxc6+ Ke7 16. Qb7+ Nd7 17. Bd3 Qh5+ 18. Qf3 Qa5 19. a3 Rab8 20. Rc2 Rb3 21. Bc4 Rb6 22. b4 Qa4 23. Rhc1 Rhb8 24. Qe4 Qxa3 25. d5 Rxb4 26. dxe6 Nf6 27. Bg5 Kf8 28. Qc6 R4b6 29. Qf3 Be7 30. exf7 Rb2 31. Qxa3 Bxa3 32. Bf4 Rc8 33. Rxb2 Bxb2 34. Bd6# 1-0


[Site "https://www.chess.com"]